 Dungeon Crawl Stone Soup version 0.29-a0-275-g389c0b56f3 (webtiles) character file.

Game seed: 15512412815817388437

4 Ordine the Grasshopper (level 1, -2/12 HPs)
             Began as a Tengu Warper on Mar 10, 2022.
             Slain by a gnoll
             ... wielding a +0 spear
              (5 damage)
             ... on level 1 of the Dungeon.
             The game lasted 00:00:48 (413 turns).

Ordine the Grasshopper (Tengu Warper)                Turns: 413, Time: 00:00:49

Health: -2/12      AC:  3    Str: 11    XL:     1   Next: 70%
Magic:  4/4        EV: 11    Int: 13    God:
Gold:   40         SH:  0    Dex: 13    Spells: 4/4 levels left

rFire   . . .      SeeInvis .   a - +0 falchion
rCold   . . .      Faith    .   (no shield)
rNeg    . . .      Spirit   .   b - +0 leather armour
rPois   .          Reflect  .   (helmet restricted)
rElec   .          Harm     .   (no cloak)
rCorr   .          Rampage  .   (no gloves)
Will    .....                   (boots unavailable)
Stlth   +.........              (no amulet)
HPRegen 0.04/turn               (no ring)
MPRegen 0.09/turn               (no ring)

@: no status effects
A: beak, talons 3
a: no special abilities


You were on level 1 of the Dungeon.
You visited 1 branch of the dungeon, and saw 1 of its levels.

You collected 40 gold pieces.

Inventory:

Hand Weapons
 a - a +0 falchion (weapon)
Missiles
 d - 7 boomerangs of dispersal
Armour
 b - a +0 leather armour (worn)
Jewellery
 e - a ring of fire
Scrolls
 c - a scroll of blinking
 f - a scroll of enchant armour {unknown}


   Skills:
 + Level 2.1 Fighting
 * Level 2.4 Long Blades
 + Level 1.1 Throwing
 - Level 1.1 Armour
 - Level 2.1 Dodging
 - Level 2.0 Spellcasting
 - Level 2.4 Translocations


You had 4 spell levels left.
You didn't know any spells.
Your spell library contained the following spells:

 Spells                   Type           Power      Damage    Failure   Level
 Blink                    Tloc           14%        N/A       19%         2
 Animate Skeleton         Necr           2%         N/A       32%         1
 Pain                     Necr           4%         1d4       32%         1
 Gell's Gravitas          Tloc           7%         N/A       36%         3
 Lesser Beckoning         Tloc           7%         N/A       36%         3
 Teleport Other           Tloc           7%         N/A       36%         3
 Vampiric Draining        Necr           1%         2d6       69%         3
 Manifold Assault         Tloc           7%         N/A       98%         5


Dungeon Overview and Level Annotations

Branches:
Dungeon (1/15)

Altars:


Innate Abilities, Weirdness & Mutations

You have a beak for a mouth.
You have claws for feet.


Message History

A goblin comes into view. It is wielding a +0 dagger.
The goblin shouts!
A frilled lizard comes into view.
You miss the goblin. Your kick misses the goblin. Your peck misses the goblin.
The goblin completely misses you.
You slash the goblin!
You kill the goblin!
You hit the frilled lizard.
You kill the frilled lizard!
No target in view!
No target in view!
You now have 19 gold pieces (gained 9).
You now have 33 gold pieces (gained 14).
You now have 40 gold pieces (gained 7).
Found a robe.
Found a leather armour.
A ball python comes into view.
A ball python is nearby!
Found a plate armour.
You closely miss the ball python. Your kick misses the ball python.
The ball python bites you. The ball python closely misses you.
You closely miss the ball python. The ball python barely misses you.
The ball python grabs you. The ball python constricts you.
The ball python bites you. The ball python constricts you.
You barely miss the ball python. You peck the ball python.
You kill the ball python!
No target in view!
HP restored.
A gnoll comes into view. It is wielding a +0 spear.
Found 8 gold pieces.
The gnoll shouts!
The gnoll hits you from afar with a +0 spear.
The gnoll hits you with a +0 spear.
Ouch! That really hurt!
* * * LOW HITPOINT WARNING * * *
You are too injured to fight recklessly!
You hit the gnoll. You peck the gnoll, but do no damage.
The gnoll is heavily wounded.
The gnoll hits you with a +0 spear.
You die...

......# #......##............#
...##...........##............#
..........#.######............###
............##...........##......
#+#.......#.##...........##.#.###
.####....#.##...........#.......
#.## .. #.##................###
...# #.###.##.g..............#..
...# #..##.# #@.............#.#
...#####.##.####..............#.#
.........[....................#.#
..............................#.#
.............[...................
..............................#.#
...#####..#.####.............##.#
...#..........##.............##..
...#..........#####.#.......#####


You could see a gnoll.

Vanquished Creatures
  A bat (D:1)
  A goblin (D:1)
  A ball python (D:1)
  A frilled lizard (D:1)
  A rat (D:1)
5 creatures vanquished.

Notes
Turn   | Place    | Note
-------+----------+-------------------------------------------
     0 | D:1      | Ordine the Tengu Warper began the quest for the Orb.
     0 | D:1      | Reached XP level 1. HP: 12/12 MP: 4/4
   413 | D:1      | Slain by a gnoll

Illustrated notes

Levels and vault maps discovered:
D:1:      dpeg_arrival_pond, layout_basic, minmay_3d_cube

Action                   || total
-------------------------++-------
Melee: Falchion          ||    12
       Peck              ||     2
Armor: Leather armour    ||     4
Dodge: Dodged            ||     4

Table legend: (Time is in decaauts)
 A = Elapsed time spent in this place.
 B = Non-inter-level travel time spent in this place.
 C = Inter-level travel time spent in this place.
 D = Time resting spent in this place.
 E = Time spent auto-exploring this place.
 F = Levels seen in this place.
 G = Mean time per level.
                   A        B        C        D        E       F      G
               +--------+--------+--------+--------+--------+-----+--------+
         Total |    415 |    415 |      0 |      0 |    368 |   1 |  415.0 |
       Dungeon |    415 |    415 |      0 |      0 |    368 |   1 |  415.0 |
               +--------+--------+--------+--------+--------+-----+--------+

Top non-repeatable levels by time:
     D:1: 415 daAuts
